 Dungeon Crawl Stone Soup version 0.25.1-2-g60ff931df9 (webtiles) character file.

Game seed: 7671431198031313473

4447 Delamore the Basher (level 10, 0/59 HPs)
             Began as a Gargoyle Fighter on Sept 28, 2020.
             Was a High Priest of Okawaru.
             Slain by a porcupine (4 damage)
             ... on level 8 of the Dungeon.
             The game lasted 00:07:59 (7432 turns).

Delamore the Basher (Gargoyle Fighter)              Turns: 7432, Time: 00:08:00

Health: 0/59       AC: 25    Str: 22    XL:     10   Next: 37%
Magic:  10/10      EV:  5    Int: 10    God:    Okawaru [*****.]
Gold:   411        SH: 10    Dex:  9    Spells: 9/9 levels left

rFire    . . .     SeeInvis .   m - +2 mace (venom)
rCold    . . .     Gourm    .   c - +0 kite shield
rNeg     + . .     Faith    +   n - +0 chain mail
rPois    ∞         Spirit   .   b - +2 hat
rElec    +         Reflect  .   w - scarf {+Inv}
rCorr    .         Harm     .   G - +2 pair of gloves
MR       +....                  (no boots)
Stlth    ..........             i - amulet of faith
HPRegen  0.19/turn              p - ring of protection from magic
MPRegen  0.12/turn              s - +4 ring of protection

@: no status effects
A: negative energy resistance 1, electricity resistance, unbreathing,
petrification resistance, rot immunity, AC +7
a: Heroism, Finesse, Renounce Religion, Evoke Invisibility


You were on level 8 of the Dungeon.
You worshipped Okawaru.
Okawaru was extremely pleased with you.
You were hungry.

You visited 2 branches of the dungeon, and saw 9 of its levels.
You also visited: Ossuary.

You collected 411 gold pieces.

Inventory:

Hand Weapons
 m - a +2 mace of venom (weapon)
Missiles
 g - 14 javelins (quivered)
Armour
 b - a +2 hat (worn)
 c - a +0 kite shield (worn)
 n - a +0 chain mail (worn)
 w - a scarf of invisibility (worn)
 G - a +2 pair of gloves (worn)
Jewellery
 i - an amulet of faith (around neck)
 p - a ring of protection from magic (left hand)
 s - a +4 ring of protection (right hand)
 F - an uncursed ring of resist corrosion
Wands
 D - a wand of digging (14)
 E - a wand of enslavement (4)
 I - a wand of iceblast (8)
Scrolls
 e - 2 scrolls of fog
 h - 4 scrolls of fear {unknown}
 j - 2 scrolls of teleportation
 r - 2 scrolls of immolation {unknown}
 v - a scroll of enchant weapon
 y - a scroll of enchant armour
 A - 4 scrolls of noise {unknown}
 H - 3 scrolls of remove curse
 M - a scroll of amnesia
Potions
 d - 2 potions of might
 l - 7 potions of curing
 o - 3 potions of brilliance
 x - 4 potions of lignification
 z - 4 potions of haste
 C - a potion of invisibility
 J - 2 potions of heal wounds
 L - a potion of resistance
Comestibles
 f - 12 rations


   Skills:
 - Level 5.0 Fighting
 + Level 13.6 Maces & Flails
 - Level 3.2 Armour
 - Level 5.0 Shields


You had 9 spell levels left.
You didn't know any spells.
Your spell library was empty.

Dungeon Overview and Level Annotations

Branches:
Dungeon (8/15)             Temple (1/1) D:7         Ossuary (visited)
   Lair: D:8-11

Altars:
Ashenzari
Cheibriados
Dithmenos
Elyvilon
Fedhas
Hepliaklqana
Kikubaaqudgha
Okawaru


Innate Abilities, Weirdness & Mutations

You are resistant to torment.
Your stone body is resilient. (AC +7)
You are immune to poison.
You resist negative energy. (rN+)
You are resistant to electric shocks. (rElec)
You can survive without breathing.
You are immune to petrification.
You are immune to rotting.


Message History

Okawaru accepts your kill.
You can now speed up your combat.
Okawaru will now gift you equipment as you gain piety.
You start resting.
The porcupine is too close now for your liking.
A porcupine is nearby!
The porcupine twitches its whiskers.
You are too injured to fight recklessly!
You miss the porcupine. You block the porcupine's attack.
You are struck by the porcupine's spines.
* * * LOW HITPOINT WARNING * * *
You hit the porcupine.
The porcupine is poisoned.
The porcupine is moderately wounded.
The porcupine barely misses you.
You closely miss the porcupine.
The porcupine is moderately wounded.
The porcupine barely misses you.
You closely miss the porcupine.
The porcupine is moderately wounded.
The porcupine bites you.
You die...

...#....♣##.# # ##..
###.###...##.#.######..<
#.......................
#.#/.........#..........
#..........#########..
#.#.###[..##.# ##.
<......%.....# #.
#.#.####r..##.# #. # .)
#@####.# #. #.
#.####.#### . #.
#.........# ###.......#
#.......####
#......()(.# .
##.......##(# #
#........##.#####
#...#######......


You could see a porcupine (very poisoned).

Vanquished Creatures
  Maggie (D:7)
  A hippogriff (D:7)
  2 yaks (D:8)
  A steam dragon (D:7)
  A basilisk (D:8)
  3 porcupines (D:8)
  2 orc warriors (D:7)
  A sky beast (Temple)
  5 ogres
  A phantom (D:6)
  An ice beast (D:7)
  2 centaurs
  A crocodile (D:8)
  2 bullfrogs (D:7)
  2 water moccasin skeletons
  3 scorpions
  5 wights (D:7)
  2 centaur zombies (Ossuary)
  A crimson imp (D:7)
  3 hounds
  A bullfrog skeleton (D:8)
  5 orc priests
  An iguana (D:5)
  Ijyb (D:5)
  11 orc wizards
  11 worker ants
  4 big kobold zombies (Ossuary)
  2 hound zombies (D:7)
  5 mummies (Ossuary)
  4 gnolls (D:8)
  9 adders
  A howler monkey skeleton (D:4)
  3 shadow imps
  An adder zombie (D:6)
  4 adder skeletons
  4 worms
  2 dart slugs (D:1)
  3 leopard geckos
  38 orcs
  5 giant cockroaches
  10 hobgoblins
  19 jackals
  2 quokkas (D:2)
  2 ball pythons
  10 bats
  3 frilled lizards
  6 goblins
  A hobgoblin zombie (Ossuary)
  11 kobolds
  A leopard gecko skeleton (D:5)
  A quokka zombie (D:6)
  6 rats
227 creatures vanquished.

Vanquished Creatures (others)
  4 plants
4 creatures vanquished.

Grand Total: 231 creatures vanquished

Notes
Turn   | Place    | Note
-------+----------+-------------------------------------------
     0 | D:1      | Delamore the Gargoyle Fighter began the quest for the Orb.
     0 | D:1      | Reached XP level 1. HP: 14/14 MP: 1/1
    98 | D:1      | Reached XP level 2. HP: 16/19 MP: 2/2
   880 | D:2      | Reached XP level 3. HP: 24/24 MP: 3/3
  1274 | D:2      | Reached XP level 4. HP: 29/29 MP: 4/4
  1277 | D:2      | Reached skill level 3 in Maces & Flails
  1730 | D:3      | Reached XP level 5. HP: 34/34 MP: 5/5
  2120 | D:3      | Found a faded altar of an unknown god.
  2303 | D:4      | Reached XP level 6. HP: 37/40 MP: 6/6
  2326 | D:4      | Reached skill level 5 in Fighting
  2326 | D:4      | Reached skill level 4 in Maces & Flails
  2326 | D:4      | Reached skill level 5 in Shields
  2333 | D:4      | Reached skill level 5 in Maces & Flails
  2468 | D:4      | Reached XP level 7. HP: 39/44 MP: 7/7
  2595 | D:4      | Reached skill level 6 in Maces & Flails
  3149 | D:5      | Entered Level 5 of the Dungeon
  3149 | D:5      | Found a shadowy altar of Dithmenos.
  3192 | D:5      | Noticed Ijyb
  3205 | D:5      | Killed Ijyb
  3205 | D:5      | Reached skill level 7 in Maces & Flails
  3305 | D:5      | Found a shattered altar of Ashenzari.
  3402 | D:5      | Reached XP level 8. HP: 49/49 MP: 8/8
  3846 | D:5      | Reached skill level 8 in Maces & Flails
  3933 | D:5      | You fall into a shaft and drop 1 floor!
  3954 | D:6      | Found an iron altar of Okawaru.
  3962 | D:6      | Became a worshipper of Warmaster Okawaru
  4038 | D:6      | Reached skill level 9 in Maces & Flails
  4356 | D:5      | Reached * piety under Okawaru
  4467 | D:6      | Found a hazy altar of Hepliaklqana.
  4467 | D:6      | Found a white marble altar of Elyvilon.
  4548 | D:6      | Found an ancient bone altar of Kikubaaqudgha.
  4550 | D:6      | Found a blossoming altar of Fedhas.
  5034 | D:7      | Reached skill level 10 in Maces & Flails
  5287 | D:7      | Reached XP level 9. HP: 34/54 MP: 9/9
  5510 | D:7      | Reached ** piety under Okawaru
  5652 | D:7      | Noticed Maggie
  5683 | D:7      | Killed Maggie
  5683 | D:7      | Reached skill level 11 in Maces & Flails
  5868 | D:7      | Found a staircase to the Ecumenical Temple.
  5958 | Temple   | Entered the Ecumenical Temple
  6078 | Temple   | Reached *** piety under Okawaru
  6333 | D:7      | Reached skill level 12 in Maces & Flails
  6418 | D:7      | Found a snail-covered altar of Cheibriados.
  6787 | D:8      | Reached XP level 10. HP: 59/59 MP: 10/10
  6812 | D:8      | Reached **** piety under Okawaru
  7024 | D:8      | Found a sand-covered staircase.
  7031 | Ossuary  | Entered an ossuary
  7108 | Ossuary  | Reached skill level 13 in Maces & Flails
  7406 | D:8      | Reached ***** piety under Okawaru
  7432 | D:8      | Slain by a porcupine

Illustrated notes

Levels and vault maps discovered:
D:1:      sevenhm_arrival_forest_fort_large_2, layout_loops_ring, st_stairs_14
D:2:      layout_rooms
D:3:      layout_basic, chequers_ecumenical_altar_lobes, first_ration,
          bh_walls_and_bars
D:4:      layout_rooms
D:5:      layout_basic, old_standard_altar, grunt_dithmenos_smoke, uniq_ijyb
D:6:      layout_rooms, grunt_temple_overflow_growth_and_decay,
          chequers_temple_overflow_statue_of_worship, basic_altar,
          minmay_alternating_orb
D:7:      layout_rooms, lemuel_coloured_pillars_altar,
          minmay_temple_entry_gardened_gates, serial_curves, eino_curves_04,
          eino_curves_04, eino_curves_04, supply_closet_lemuel,
          grunt_ministairs_10, uniq_maggie
D:8:      layout_loops_ring, minmay_lair_entry_grove,
          chequers_ossuary_entry_cave
Temple:   minmay_temple_bridge_abc

Skill      XL: |  1  2  3  4  5  6  7  8  9 10 |
---------------+-------------------------------+-----
Fighting       | 4 5 |  5.0
Shields        | 4 5 |  5.0
Maces & Flails | 3 5 7 10 12 13 | 13.6
Armour         | |  3.2

Action                   |  1- 3 |  4- 6 |  7- 9 | 10-12 || total
-------------------------+-------+-------+-------+-------++-------
Melee: Flail             |    53 |       |       |       ||    53
       Mace              |    64 |   154 |   462 |   167 ||   847
  Use: Scroll            |       |       |    10 |     4 ||    14
  Eat: Chunk             |     1 |     5 |    10 |     2 ||    18
       Ration            |       |       |     1 |       ||     1
Armor: Scale mail        |   117 |   103 |       |       ||   220
       Chain mail        |       |     4 |   294 |    67 ||   365
Dodge: Dodged            |    50 |    43 |    84 |    28 ||   205
Block: Kite shield       |    86 |   102 |   215 |    56 ||   459
